BSA
BOSTON REBELS @ NASSAU ROCKETS
07/01/2028
 
TOP OF THE 1ST
Boston Rebels batting - Pitching for Nassau Rockets : RHP Suezo Morimoto
Pitching: RHP Suezo Morimoto
Batting: RHB Roberto Chávez 0-0: Swinging Strike
0-1: Swinging Strike
0-2: Ball
1-2: Ground out 5-3 (Groundball, 25)
Batting: LHB Lorenzo Flores 0-0: Ball
1-0: Fly out, F7 (Flyball, 7S)
Batting: LHB Miguel Rivería 0-0: Foul Ball, location: 2F
0-1: Ball
1-1: Ball
2-1: SINGLE (Line Drive, 34)
Batting: RHB John Mendelson 0-0: Swinging Strike
0-1: SINGLE (Line Drive, 78S)
Miguel Rivería to second
Batting: LHB Bill Wilson 0-0: Called Strike
0-1: Ball
1-1: 3-RUN HOME RUN (Flyball, 8RXD), Distance : 431 ft
Batting: LHB Felipe Guerrero 0-0: Called Strike
0-1: Ball
1-1: Ground out 4-3 (Groundball, 34D)
Top of the 1st over - 3 run(s), 3 hit(s), 0 error(s), 0 left on base; Boston 3 - Nassau 0
BOTTOM OF THE 1ST
Nassau Rockets batting - Pitching for Boston Rebels : RHP Ramón Estrada
Pitching: RHP Ramón Estrada
Batting: LHB Don Ramey 0-0: SINGLE (Groundball, 56S) (infield hit)
Batting: LHB Doug Thompson 0-0: Fly out, F9 (Flyball, 89S)
Batting: SHB Howard Parker 0-0: Ball
1-0: Swinging Strike
1-1: Ball
2-1: Foul Ball, location: 2F
2-2: Grounds into double play, 6-4-3 (Groundball, 6)
Bottom of the 1st over - 0 run(s), 1 hit(s), 0 error(s), 0 left on base; Boston 3 - Nassau 0
TOP OF THE 2ND
Boston Rebels batting - Pitching for Nassau Rockets : RHP Suezo Morimoto
Batting: LHB Arturo Molina 0-0: Ball
1-0: Ball
2-0: Called Strike
2-1: Swinging Strike
2-2: Ground out 3-1 (Groundball, 34)
Batting: RHB Aaron Washington 0-0: Ball
1-0: SINGLE (Groundball, 4MD)
Batting: RHB Ángel Garza 0-0: TRIPLE (Line Drive, 3L)
Aaron Washington scores
Batting: RHB Roberto Chávez 0-0: Ball
1-0: Called Strike
1-1: Ground out 5-3 (Groundball, 56S)
Ángel Garza scores
Batting: LHB Lorenzo Flores 0-0: Called Strike
0-1: Ball
1-1: Foul Ball, location: 2F
1-2: Foul Ball, location: 2F
1-2: Ball
2-2: Strikes out looking
Top of the 2nd over - 2 run(s), 2 hit(s), 0 error(s), 0 left on base; Boston 5 - Nassau 0
BOTTOM OF THE 2ND
Nassau Rockets batting - Pitching for Boston Rebels : RHP Ramón Estrada
Batting: LHB Andrew Alvarado 0-0: Ball
1-0: Foul Ball, location: 2F
1-1: Foul Ball, location: 2F
1-2: DOUBLE (Groundball, 5L)
Batting: LHB Bob Martin 0-0: Ball
1-0: SINGLE (Flyball, 8LS)
Andrew Alvarado to third
Batting: RHB Salvador Borbón 0-0: Called Strike
0-1: Ball
1-1: Foul Ball, location: 2F
1-2: Strikes out swinging
Batting: LHB Wilson Allen 0-0: Ball
1-0: Foul Ball, location: 2F
1-1: Ball
2-1: Fly out, F7 (Flyball, 7)
Runner from 3rd tags up, SCORES, throw made
Batting: LHB Shiro Ueno Pickoff Throw to First - Out!
Bottom of the 2nd over - 1 run(s), 2 hit(s), 0 error(s), 0 left on base; Boston 5 - Nassau 1
TOP OF THE 3RD
Boston Rebels batting - Pitching for Nassau Rockets : RHP Suezo Morimoto
Batting: LHB Miguel Rivería 0-0: Fly out, F8 (Flyball, 89D)
Batting: RHB John Mendelson 0-0: Ball
1-0: Swinging Strike
1-1: Ball
2-1: Ball
3-1: Base on Balls
Batting: LHB Bill Wilson 0-0: Ball
John Mendelson steals 2nd base
1-0: Called Strike
1-1: Ball
2-1: SINGLE (Line Drive, 4M)
John Mendelson to third
Batting: LHB Felipe Guerrero 0-0: Called Strike
0-1: Ball
Bill Wilson steals 2nd base
1-1: 3-RUN HOME RUN (Flyball, 9D), Distance : 351 ft
Pitching: RHP Bill Sampson
Batting: LHB Arturo Molina 0-0: Called Strike
0-1: Ball
1-1: Foul Ball, location: 2F
1-2: Fly out, F8 (Flyball, 8LM)
Batting: RHB Aaron Washington 0-0: Ball
1-0: Swinging Strike
1-1: Fly out, F8 (Flyball, 78S)
Top of the 3rd over - 3 run(s), 2 hit(s), 0 error(s), 0 left on base; Boston 8 - Nassau 1
BOTTOM OF THE 3RD
Nassau Rockets batting - Pitching for Boston Rebels : RHP Ramón Estrada
Batting: LHB Shiro Ueno 0-0: Foul Ball, location: 2F
0-1: Ball
1-1: Foul Ball, location: 2F
1-2: TRIPLE (Flyball, 9D)
Batting: LHB Rafael Delgado 0-0: Called Strike
0-1: Ball
1-1: Foul Ball, location: 2F
1-2: Fly out, F8 (Flyball, 8RS)
Runner from 3rd tags up, SCORES, no throw
Batting: LHB Don Ramey 0-0: Fly out, F7 (Flyball, 78M)
Batting: LHB Doug Thompson 0-0: Foul Ball, location: 2F
0-1: Fly out, F5 (Line Drive, 5L)
Bottom of the 3rd over - 1 run(s), 1 hit(s), 0 error(s), 0 left on base; Boston 8 - Nassau 2
TOP OF THE 4TH
Boston Rebels batting - Pitching for Nassau Rockets : RHP Bill Sampson
Batting: RHB Ángel Garza 0-0: Ball
1-0: Ball
2-0: Ground out 1-3 (Groundball, 15S)
Batting: RHB Roberto Chávez 0-0: Ball
1-0: Ball
2-0: Ground out 4-3 (Groundball, 4)
Batting: LHB Lorenzo Flores 0-0: Called Strike
0-1: Foul Ball, location: 2F
0-2: Ball
1-2: Foul Ball, location: 2F
1-2: Ball
2-2: Ball
3-2: Strikes out looking
Top of the 4th over - 0 run(s), 0 hit(s), 0 error(s), 0 left on base; Boston 8 - Nassau 2
BOTTOM OF THE 4TH
Nassau Rockets batting - Pitching for Boston Rebels : RHP Ramón Estrada
Batting: SHB Howard Parker 0-0: Ball
1-0: Foul Ball, location: 2F
1-1: Called Strike
1-2: Ball
2-2: Ball
3-2: Fly out, F5 (Popup, 5D)
Batting: LHB Andrew Alvarado 0-0: Ball
1-0: Ball
2-0: Called Strike
2-1: Foul Ball, location: 2F
2-2: Fly out, F3 (Popup, 3L)
Batting: LHB Bob Martin 0-0: Ball
1-0: SINGLE (Line Drive, 8RS)
Batting: RHB Salvador Borbón 0-0: Ball
1-0: Ball
2-0: Foul Ball, location: 2F
2-1: Ball
3-1: Swinging Strike
3-2: Base on Balls
Bob Martin to second
Batting: LHB Wilson Allen 0-0: Ball
1-0: SINGLE (Line Drive, 4MD)
Bob Martin to third
Salvador Borbón to second
Runner from 3rd tries for Home, SAFE, no throw
Batting: LHB Shiro Ueno 0-0: Ball
1-0: Swinging Strike
1-1: Ball
2-1: Called Strike
2-2: DOUBLE (Flyball, 78D)
Salvador Borbón scores
Wilson Allen to third
Runner from 3rd tries for Home, throw and OUT!
Bottom of the 4th over - 2 run(s), 3 hit(s), 0 error(s), 1 left on base; Boston 8 - Nassau 4
TOP OF THE 5TH
Boston Rebels batting - Pitching for Nassau Rockets : RHP Bill Sampson
Batting: LHB Miguel Rivería 0-0: Called Strike
0-1: SINGLE (Line Drive, 3)
Batting: RHB John Mendelson Pickoff Throw to First - Out!
0-0: Ball
1-0: Called Strike
1-1: Swinging Strike
1-2: Ball
2-2: Foul Ball, location: 2F
2-2: Ball
3-2: Ground out 6-3 (Groundball, 6)
Batting: LHB Bill Wilson 0-0: Ball
1-0: Called Strike
1-1: Foul Ball, location: 2F
1-2: Foul Ball, location: 2F
1-2: Ball
2-2: Ball
3-2: Foul Ball, location: 2F
3-2: Foul Ball, location: 2F
3-2: Foul Ball, location: 2F
3-2: Base on Balls
Batting: LHB Felipe Guerrero 0-0: Ball
1-0: Ball
2-0: Ball
3-0: Base on Balls
Bill Wilson to second
Pitching: RHP Tomás Molina
Batting: LHB Arturo Molina 0-0: Swinging Strike
0-1: Ball
1-1: Foul Ball, location: 2F
1-2: Strikes out swinging
Top of the 5th over - 0 run(s), 1 hit(s), 0 error(s), 2 left on base; Boston 8 - Nassau 4
BOTTOM OF THE 5TH
Nassau Rockets batting - Pitching for Boston Rebels : RHP Ramón Estrada
Batting: LHB Rafael Delgado 0-0: Ground out 4-3 (Groundball, 34D)
Batting: LHB Don Ramey 0-0: Ball
1-0: Ground out 4-3 (Groundball, 4)
Batting: LHB Doug Thompson 0-0: Called Strike
0-1: Ground out 5-3 (Groundball, 56S)
Bottom of the 5th over - 0 run(s), 0 hit(s), 0 error(s), 0 left on base; Boston 8 - Nassau 4
TOP OF THE 6TH
Boston Rebels batting - Pitching for Nassau Rockets : RHP Tomás Molina
Batting: RHB Aaron Washington 0-0: Called Strike
0-1: Swinging Strike
0-2: Hit by Pitch
Batting: RHB Ángel Garza 0-0: Called Strike
0-1: Ball
1-1: Foul Ball, location: 2F
1-2: Ground out 4-3 (Groundball, 4S)
Aaron Washington to second
Batting: RHB Roberto Chávez 0-0: Called Strike
0-1: Ball
1-1: Called Strike
1-2: Ball
2-2: Strikes out looking
Batting: LHB Lorenzo Flores 0-0: Called Strike
0-1: Swinging Strike
0-2: Ball
1-2: Strikes out swinging
Top of the 6th over - 0 run(s), 0 hit(s), 0 error(s), 1 left on base; Boston 8 - Nassau 4
BOTTOM OF THE 6TH
Nassau Rockets batting - Pitching for Boston Rebels : RHP Ramón Estrada
Batting: SHB Howard Parker 0-0: DOUBLE (Line Drive, 7LS)
Batting: LHB Andrew Alvarado 0-0: Swinging Strike
0-1: Ball
1-1: Swinging Strike
1-2: Ball
2-2: Ball
3-2: 2-RUN HOME RUN (Flyball, 89XD), Distance : 385 ft
Pitching: LHP Joseph Byrne
Batting: LHB Bob Martin 0-0: Ball
1-0: Ground out 6-3 (Groundball, 56D)
Batting: RHB Salvador Borbón 0-0: Ball
1-0: Ball
2-0: SOLO HOME RUN (Flyball, 78XD), Distance : 386 ft
Batting: LHB Wilson Allen 0-0: Called Strike
0-1: Fly out, F8 (Flyball, 8RS)
Batting: LHB Shiro Ueno 0-0: Ball
1-0: Swinging Strike
1-1: DOUBLE (Line Drive, 9LD)
Batting: LHB Rafael Delgado 0-0: Ball
1-0: Ball
2-0: Single, Error in OF, E8, batter to second base
Shiro Ueno scores
Pitching: RHP Fernando Silva
Batting: LHB Don Ramey 0-0: Fly out, F4 (Popup, 34)
Bottom of the 6th over - 4 run(s), 5 hit(s), 1 error(s), 1 left on base; Boston 8 - Nassau 8
TOP OF THE 7TH
Boston Rebels batting - Pitching for Nassau Rockets : RHP Tomás Molina
Pitching: LHP Gianluigi Ciottone
Batting: LHB Miguel Rivería 0-0: Called Strike
0-1: Ball
1-1: Ground out 4-3 (Groundball, 4)
Batting: RHB John Mendelson 0-0: Ball
1-0: Ball
2-0: Ball
3-0: Foul Ball, location: 2F
3-1: Called Strike
3-2: Fly out, F9 (Flyball, 9LS)
Batting: LHB Bill Wilson 0-0: Swinging Strike
0-1: Swinging Strike
0-2: Foul Ball, location: 2F
0-2: Fly out, F8 (Flyball, 89M)
Top of the 7th over - 0 run(s), 0 hit(s), 0 error(s), 0 left on base; Boston 8 - Nassau 8
BOTTOM OF THE 7TH
Nassau Rockets batting - Pitching for Boston Rebels : RHP Fernando Silva
Batting: LHB Doug Thompson 0-0: Called Strike
0-1: SINGLE (Groundball, 34D)
Batting: SHB Howard Parker 0-0: Ball
1-0: Called Strike
1-1: Fly out, F7 (Flyball, 78D)
Batting: LHB Andrew Alvarado 0-0: Called Strike
0-1: 2-RUN HOME RUN (Flyball, 7D), Distance : 353 ft
Batting: LHB Bob Martin 0-0: Swinging Strike
0-1: Ball
1-1: Swinging Strike
1-2: Ball
2-2: Ball
3-2: Base on Balls
Batting: RHB Salvador Borbón 0-0: Ball
1-0: Called Strike
1-1: Hit by Pitch
Bob Martin to second
Batting: LHB Wilson Allen 0-0: Ball
1-0: Swinging Strike
1-1: Ball
2-1: Ball
3-1: Base on Balls
Bob Martin to third
Salvador Borbón to second
Batting: LHB Shiro Ueno 0-0: Swinging Strike
0-1: Swinging Strike
0-2: Ball
Passed Ball!
Bob Martin scores
Salvador Borbón to third
Wilson Allen to second
1-2: Strikes out swinging
Pitching: LHP Yoshihiro Hasegawa
Batting: LHB Rafael Delgado 0-0: Ball
1-0: Ball
2-0: Called Strike
2-1: SINGLE (Groundball, 34D)
Salvador Borbón scores
Wilson Allen to third
Runner from 3rd tries for Home, SAFE, no throw
Batting: LHB Don Ramey 0-0: Foul Ball, location: 2F
0-1: Ball
1-1: Fielders Choice at 2nd, 4-6 (Groundball, 4)
Bottom of the 7th over - 5 run(s), 3 hit(s), 0 error(s), 0 left on base; Boston 8 - Nassau 13
TOP OF THE 8TH
Boston Rebels batting - Pitching for Nassau Rockets : LHP Gianluigi Ciottone
Batting: LHB Felipe Guerrero 0-0: Called Strike
0-1: Ball
1-1: Foul Ball, location: 2F
1-2: Ball
2-2: Strikes out swinging
Pitching: RHP Luis Cortéz
Batting: LHB Arturo Molina 0-0: Called Strike
0-1: Swinging Strike
0-2: Foul Ball, location: 2F
0-2: Strikes out swinging
Batting: RHB Aaron Washington 0-0: Called Strike
0-1: Called Strike
0-2: Foul Ball, location: 2F
0-2: Ball
1-2: Foul Ball, location: 2F
1-2: Fly out, F8 (Flyball, 8RXD)
Top of the 8th over - 0 run(s), 0 hit(s), 0 error(s), 0 left on base; Boston 8 - Nassau 13
BOTTOM OF THE 8TH
Nassau Rockets batting - Pitching for Boston Rebels : LHP Yoshihiro Hasegawa
Batting: LHB Doug Thompson 0-0: Ball
1-0: Foul Ball, location: 2F
1-1: Swinging Strike
1-2: Strikes out swinging
Batting: SHB Howard Parker 0-0: Called Strike
0-1: Ball
1-1: Ground out 4-3 (Groundball, 4M)
Batting: LHB Andrew Alvarado 0-0: Called Strike
0-1: Ball
1-1: Ball
2-1: Ball
3-1: Base on Balls
Batting: LHB Bob Martin 0-0: Called Strike
0-1: Called Strike
Andrew Alvarado steals 2nd base
0-2: Ball
Wild Pitch!
Andrew Alvarado to third
1-2: SINGLE (Line Drive, 4M)
Andrew Alvarado scores
Batting: RHB Salvador Borbón 0-0: Called Strike
0-1: Ball
1-1: Fly out, F9 (Flyball, 9D)
Bottom of the 8th over - 1 run(s), 1 hit(s), 0 error(s), 1 left on base; Boston 8 - Nassau 14
TOP OF THE 9TH
Boston Rebels batting - Pitching for Nassau Rockets : RHP Luis Cortéz
Now at SS: Pete Harvey
Batting: RHB Ángel Garza 0-0: DOUBLE (Line Drive, 9LM)
Batting: RHB Roberto Chávez 0-0: Called Strike
0-1: Fly out, F7 (Flyball, 7)
Batting: LHB Lorenzo Flores 0-0: Ball
1-0: Called Strike
1-1: Foul Ball, location: 2F
1-2: Fly out, F8 (Flyball, 8RXD)
Runner from 2nd tags up, SAFE at 3rd, no throw
Batting: LHB Miguel Rivería 0-0: Ball
1-0: Ground out U3 (Groundball, 34)
Top of the 9th over - 0 run(s), 1 hit(s), 0 error(s), 1 left on base; Boston 8 - Nassau 14
Tuesday, August 8th, 2017 - OOTP Baseball 17.12 Build 75